 Dungeon Crawl Stone Soup version 0.30.1-1-g62c8e00024 (webtiles) character file.

Game seed: 3339493057701498057

161 shmup the Firebug (level 5, -5/28 HPs)
             Began as a Tengu Fire Elementalist on July 18, 2023.
             Slain by an orc
             ... wielding a +0 hand axe
              (6 damage)
             ... on level 4 of the Dungeon.
             The game lasted 00:07:24 (3352 turns).

shmup the Firebug (Tengu Fire Elementalist)         Turns: 3352, Time: 00:07:24

Health: -5/28      AC:  2    Str:  9    XL:     5   Next: 42%
Magic:  3/9        EV: 14    Int: 17    God:
Gold:   201        SH:  0    Dex: 14    Spells: 5/8 levels left

rFire   . . .        v - +1 trident
rCold   . . .        (no shield)
rNeg    . . .        a - +0 robe
rPois   .            (helmet restricted)
rElec   .            (no cloak)
rCorr   .            (no gloves)
SInv    .            (boots unavailable)
Will    .....        (no amulet)
Stlth   ++           (no ring)
HPRegen 0.24/turn    (no ring)
MPRegen 0.11/turn

%: no passive effects
@: flying quickly and evasively, quick
A: beak, talons 3, nimble flight
a: no special abilities


You were on level 4 of the Dungeon.
You visited 1 branch of the dungeon, and saw 4 of its levels.

You collected 201 gold pieces.

Inventory:

Hand Weapons
 e - a +0 whip
 l - a +0 short sword
 v - a +1 trident (weapon)
Missiles
 h - 6 boomerangs (quivered)
 o - 19 stones
 s - 4 poisoned darts
Armour
 a - a +0 robe (worn)
Scrolls
 d - 2 scrolls of teleportation {unknown}
 f - a scroll of noise {unknown}
 i - a scroll of identify
 j - a scroll of poison {unknown}
 k - a scroll of blinking {unknown}
 p - a scroll of enchant weapon
 q - a scroll of magic mapping {unknown}
 r - a scroll of immolation
 x - a scroll of vulnerability {unknown}
 y - a scroll of acquirement {unknown}
Potions
 b - a potion of magic
 c - a potion of degeneration {unknown}
 g - 2 potions of attraction
 m - a potion of experience {unknown}
 n - 2 potions of heal wounds
 t - 2 potions of curing
 u - a potion of haste {unknown}
 w - a potion of lignification {unknown}
 z - a potion of mutation {unknown}


   Skills:
 - Level 2.1 Dodging
 - Level 2.0 Stealth
 - Level 2.0 Spellcasting
 + Level 4.0 Conjurations
 * Level 5.6 Fire Magic


You had 5 spell levels left.
You knew the following spells:

 Your Spells              Type           Power      Damage    Failure   Level
a - Foxfire               Conj/Fire      72%        2x1d7     2%          1
b - Scorch                Fire           42%        2d7       2%          2

Your spell library contained the following spells:

 Spells                   Type           Power      Damage    Failure   Level
 Inner Flame              Hex/Fire       11%        N/A       19%         3
 Volatile Blastmotes      Fire/Tloc      22%        2d11      19%         3
 Flame Wave               Conj/Fire      18%        2d7       26%         4
 Ensorcelled Hibernation  Hex/Ice        2%         N/A       28%         2
 Passwall                 Tmut/Erth      0%         N/A       28%         2
 Swiftness                Air            1%         N/A       50%         3


Dungeon Overview and Level Annotations

Branches:
Dungeon (4/15)
 Temple: D:4-7

Altars:
Elyvilon
Nemelex Xobeh


Innate Abilities, Weirdness & Mutations

You have a beak for a mouth.
You have claws for feet.
Your magical nature lets you fly swiftly and evasively.


Message History

Confirm with . or Enter, or press ? or * to list all spells.
You conjure some foxfire!
Something hits you.
The foxfire hits something.
Casting: Foxfire (safe; 2% risk of failure)
Confirm with . or Enter, or press ? or * to list all spells.
You conjure some foxfire!
The foxfire hits the orc.
The orc is moderately wounded.
Something hits you. Something hits you.
You hit something but do no damage. You claw something. The orc misses you.
Something hits you.
Unknown command.
You miss something. The orc hits you with a +0 hand axe. Something hits you.
Unknown command.
You hit something but do no damage. Your kick misses something.
The orc barely misses you. Something hits you.
* * * LOW HITPOINT WARNING * * *
Something hits you.
* * * LOW HITPOINT WARNING * * *
The orc hits you with a +0 hand axe.
* * * LOW HITPOINT WARNING * * *
You hit something. Your kick misses something. Your peck misses something.
The orc completely misses you. Something barely misses you.
Unknown command.
You miss something. Your kick misses something. The orc barely misses you.
Something hits you.
* * * LOW HITPOINT WARNING * * *
Unknown command.
You barely miss something. The orc barely misses you.
You hear some strange, mumbled words.
A magic dart appears from out of thin air!
The magic dart hits you.
* * * LOW HITPOINT WARNING * * *
Something hits you.
* * * LOW HITPOINT WARNING * * *
The orc closely misses you.
You barely miss something. Your kick misses something. You peck something.
Reactivating autopickup.
You feel a bit more experienced. The orc hits you with a +0 hand axe.
You die...

▒.▒ ▒.▒
▒.▒ ▒.▒
▒.▒ ▒.▒
▒.▒
..▒▒▒▒▒)▒
▒..)oooQ▒
..▒▒▒▒▒▒▒


You could see 3 orcs.

Vanquished Creatures
  2 orc wizards
  An iguana (D:4)
  5 adders (D:2)
  2 worms (D:3)
  2 dart slugs (D:1)
  3 orcs
  5 bats
  5 endoplasms
  2 giant cockroaches (D:3)
  3 goblins
  6 hobgoblins
  A quokka (D:1)
  5 ball pythons
  2 frilled lizards
  7 kobolds
  5 rats
56 creatures vanquished.

Vanquished Creatures (others)
  163 foxfires
163 creatures vanquished.

Grand Total: 219 creatures vanquished

Notes
Turn   | Place    | Note
-------+----------+-------------------------------------------
     0 | D:1      | shmup the Tengu Fire Elementalist began the quest for the
                  | Orb.
     0 | D:1      | Reached XP level 1. HP: 10/10 MP: 4/4
   347 | D:1      | Reached XP level 2. HP: 15/15 MP: 4/6
   554 | D:1      | Reached skill level 4 in Fire Magic
   650 | D:1      | Reached XP level 3. HP: 19/19 MP: 5/7
  1247 | D:2      | Reached XP level 4. HP: 10/24 MP: 3/8
  1807 | D:2      | Reached skill level 5 in Fire Magic
  2394 | D:3      | Learned a level 2 spell: Scorch
  2593 | D:3      | Gained mutation: Your magical nature lets you fly swiftly
                  | and evasively. [Tengu growth]
  2593 | D:3      | Reached XP level 5. HP: 22/28 MP: 4/9
  2841 | D:3      | Found a sparkling altar of Nemelex Xobeh.
  2854 | D:3      | Found a white marble altar of Elyvilon.
  3351 | D:4      | HP: 1/28 [something (3)]
  3352 | D:4      | Slain by an orc

Illustrated notes

Levels and vault maps discovered:
D:1:      dpeg_arrival_concentric_ovals, layout_basic
D:2:      kb_forest_paths, layout_basic, dk_vineyard_3, lightli_corner_chamber
D:3:      layout_loops_corners, minitemple
D:4:      layout_loops_ring

Skill      XL: |  1  2  3  4  5 |
---------------+----------------+-----
Conjurations   | 2 3 4 |  4.0
Fire Magic     | 4 5 |  5.6
Dodging        | |  2.1
Stealth        | |  2.0
Spellcasting   | |  2.0

Action                     |  1- 3 |  4- 6 || total
---------------------------+-------+-------++-------
  Melee: Trident           |       |    12 ||    12
         Kick              |       |     3 ||     3
         Whip              |       |     1 ||     1
         Peck              |       |     2 ||     2
   Cast: Foxfire           |    47 |    47 ||    94
    Use: Scroll            |       |     5 ||     5
 Armour: Robe              |     5 |     5 ||    10
  Dodge: Dodged            |    16 |    36 ||    52
